Workbook
Name \0: #REF!
Name \00: #REF!
Name \a: #REF!
Name \a: #REF!
Name \AA: [1]LIQUIDACION!#REF!
Name \b: [2]STRSUMM0!#REF!
Name \bb: [2]STRSUMM0!#REF!
Name \E: #REF!
Name \EE: #REF!
Name \G: #REF!
Name \k: '[3]7422CW00'!#REF!
Name \l: [4]STRSUMM0!#REF!
Name \M: #REF!
Name \ñ: '[5]7422CW00'!#REF!
Name \P: #REF!
Name \R: #REF!
Name \s: #REF!
Name \s: #REF!
Name \V: #REF!
Name \X: [0]!ERR
Name \X: [0]!ERR
Name \Z: [0]!ERR
Name \Z: [0]!ERR
Name _________AFC1: [6]INV!$A$25:$D$28
Name _________AFC3: [6]INV!$F$25:$I$28
Name _________AFC5: [6]INV!$K$25:$N$28
Name _________BGC1: [6]INV!$A$5:$D$8
Name _________BGC3: [6]INV!$F$5:$I$8
Name _________BGC5: [6]INV!$K$5:$N$8
Name _________CAC1: [6]INV!$A$19:$D$22
Name _________CAC3: [6]INV!$F$19:$I$22
Name _________CAC5: [6]INV!$K$19:$N$22
Name _________PJ50: #REF!
Name _________PJ50: #REF!
Name _________SBC1: [6]INV!$A$12:$D$15
Name _________SBC3: [6]INV!$F$12:$I$15
Name _________SBC5: [6]INV!$K$12:$N$15
Name ________AFC1: [6]INV!$A$25:$D$28
Name ________AFC3: [6]INV!$F$25:$I$28
Name ________AFC5: [6]INV!$K$25:$N$28
Name ________BGC1: [6]INV!$A$5:$D$8
Name ________BGC3: [6]INV!$F$5:$I$8
Name ________BGC5: [6]INV!$K$5:$N$8
Name ________CAC1: [6]INV!$A$19:$D$22
Name ________CAC3: [6]INV!$F$19:$I$22
Name ________CAC5: [6]INV!$K$19:$N$22
Name ________MA2: #REF!
Name ________MA2: #REF!
Name ________PJ50: #REF!
Name ________PJ50: #REF!
Name ________SBC1: [6]INV!$A$12:$D$15
Name ________SBC3: [6]INV!$F$12:$I$15
Name ________SBC5: [6]INV!$K$12:$N$15
Name _______AFC1: [6]INV!$A$25:$D$28
Name _______AFC3: [6]INV!$F$25:$I$28
Name _______AFC5: [6]INV!$K$25:$N$28
Name _______BGC1: [6]INV!$A$5:$D$8
Name _______BGC3: [6]INV!$F$5:$I$8
Name _______BGC5: [6]INV!$K$5:$N$8
Name _______CAC1: [6]INV!$A$19:$D$22

Sheet PRESUPUESTO OFICIAL (Entidad)
B1: Formulario 1 - Propuesta económica - Documento tipo de mínima cuantía de obra pública de infraestructura social
B2: Versión: 1 de 21 de agosto de 2025
C5: FORMULARIO 1
C6: PRESUPUESTO OFICIAL
C7: [La Entidad puede utilizar este formulario de detalle del presupuesto oficial para determinar las condiciones bajo las cuales los Proponentes analizarán y presentarán su propuesta económica de forma detallada, sin perjuicio que la Entidad pueda modificarlo o establecer la presentación de la oferta económica con un formulario distinto al indicado.] [El presente Formulario aplica para los Procesos de Contratación que tengan como forma de pago precios unitarios. Tratándose de otras modalidades de pago, la Entidad debe ajustarlo cuando corresponde a: precio global, llave en mano, administración delegada, reembolso de gastos o cualquier otra forma de pago.]
C9: Adicionalmente, cuando el proceso de contratación es estructurado por precios unitarios, la Entidad debe aplicar las notas 1, 2 y 3 del presente formulario y las casillas de "Descripción", "Porcentaje" de la Administración, Imprevisto, Utilidad y total A.I.U. resaltadas en color amarillo. Tratándose de otras modalidades de precio, la Entidad puede o no configurar los mismos aspectos.
C11: Nº | D11: ÍTEM DE PAGO | E11: ESPECIFICACIONES | G11: DESCRIPCIÓN | H11: UND. | I11: CANTIDAD | J11: VALOR UNITARIO | K11: VALOR TOTAL
E12: GENERAL | F12: PARTICULAR
C13: CAPÍTULO 1 - PRELIMINARES
D14: 1.1 | G14: Localización, replanteo y nivelación del kiosco | H14: m2 | I14: 15 | J14: =ROUND(APU!$O$59,0) -> 16557 | K14: =ROUND(J14*I14,0) -> 248355
D15: 1.2 | G15: Cerramiento provisional perimetral en polisombra y postes, h≈2,00 m | H15: ml | I15: 24 | J15: =ROUND(APU!$O$151,0) -> 41344 | K15: =ROUND(J15*I15,0) -> 992256
D16: 1.3 | G16: Señalización, elementos SST y limpieza inicial | H16: glb | I16: 1 | J16: =ROUND(APU!$O$245,0) -> 1509135 | K16: =ROUND(J16*I16,0) -> 1509135
C17: Subtotal | K17: =SUM(K14:K16) -> 2749746
C18: CAPÍTULO 2 - CIMENTACIÓN
D19: 2.1 | G19: Excavación manual para zapatas aisladas y pedestales bajo piso existente | H19: m3 | I19: 2.4 | J19: =ROUND(APU!$O$335,0) -> 109978 | K19: =ROUND(J19*I19,0) -> 263947
D20: 2.2 | G20: Concreto de limpieza 2.000 psi | H20: m3 | I20: 0.25 | J20: =ROUND(APU!$O$427,0) -> 465155 | K20: =ROUND(J20*I20,0) -> 116289
D21: 2.3 | G21: Acero de refuerzo fy 420 MPa, suministro, figuración y colocación | H21: kg | I21: 165 | J21: =ROUND(APU!$O$517,0) -> 7798 | K21: =ROUND(J21*I21,0) -> 1286670
D22: 2.4 | G22: Concreto 3.000 psi en zapatas y pedestales | H22: m3 | I22: 1.8 | J22: =ROUND(APU!$O$612,0) -> 623805 | K22: =ROUND(J22*I22,0) -> 1122849
D23: 2.5 | G23: Anclaje galvanizado para apoyo de columnas de guadua, con pernos | H23: und | I23: 8 | J23: =ROUND(APU!$O$703,0) -> 79475 | K23: =ROUND(J23*I23,0) -> 635800
D24: 2.6 | G24: Corte y demolición localizada de piso de concreto existente para apertura de zapatas | H24: und | I24: 8 | J24: =ROUND(APU!$O$793,0) -> 138584 | K24: =ROUND(J24*I24,0) -> 1108672
D25: 2.7 | G25: Resane localizado en concreto alrededor de pedestales sobre piso existente | H25: und | I25: 8 | J25: =ROUND(APU!$O$886,0) -> 138018 | K25: =ROUND(J25*I25,0) -> 1104144
C26: Subtotal | K26: =SUM(K19:K25) -> 5638371
C27: CAPÍTULO 3 - ESTRUCTURA EN GUADUA
D28: 3.1 | G28: Estructura portante en Guadua angustifolia inmunizada y tratada, con herrajes y tornillería especializada | H28: m2 | I28: 15 | J28: =ROUND(APU!$O$979,0) -> 849816 | K28: =ROUND(J28*I28,0) -> 12747240
D29: 3.2 | G29: Cerramiento liviano del kiosco en esterilla/tabla de guadua tratada sobre bastidor | H29: m2 | I29: 39 | J29: =ROUND(APU!$O$1070,0) -> 112380 | K29: =ROUND(J29*I29,0) -> 4382820
D30: 3.3 | G30: Ventana abatible en madera tratada con vidrio, herrajes y sellos (aprox. 1,30 x 1,00 m) | H30: und | I30: 3 | J30: =ROUND(APU!$O$1162,0) -> 596066 | K30: =ROUND(J30*I30,0) -> 1788198
D31: 3.4 | G31: Puerta de acceso en madera tratada 0,90 x 2,10 m, con cerradura y herrajes | H31: und | I31: 1 | J31: =ROUND(APU!$O$1253,0) -> 798967 | K31: =ROUND(J31*I31,0) -> 798967
C32: Subtotal | K32: =SUM(K28:K31) -> 19717225
C33: CAPÍTULO 4 - CUBIERTA
D34: 4.1 | G34: Estructura secundaria de cubierta en guadua/madera inmunizada | H34: m2 | I34: 25 | J34: =ROUND(APU!$O$1344,0) -> 79419 | K34: =ROUND(J34*I34,0) -> 1985475
D35: 4.2 | G35: Cubierta en teja colonial UPVC | H35: m2 | I35: 25 | J35: =ROUND(APU!$O$1435,0) -> 137317 | K35: =ROUND(J35*I35,0) -> 3432925
C36: Subtotal | K36: =SUM(K34:K35) -> 5418400
C37: CAPÍTULO 5 - ACABADOS Y MOBILIARIO
D38: 5.1 | G38: Sellador, inmunizante, pintura/barniz y acabado de guadua y madera | H38: m2 | I38: 95 | J38: =ROUND(APU!$O$1527,0) -> 21454 | K38: =ROUND(J38*I38,0) -> 2038130
D39: 5.2 | G39: Mesón interior en madera tratada, ancho promedio 0,60 m | H39: ml | I39: 3 | J39: =ROUND(APU!$O$1618,0) -> 411693 | K39: =ROUND(J39*I39,0) -> 1235079
D40: 5.3 | G40: Lavaplatos inoxidable con grifería, sifón, accesorios e instalación | H40: und | I40: 1 | J40: =ROUND(APU!$O$1711,0) -> 825699 | K40: =ROUND(J40*I40,0) -> 825699
C41: Subtotal | K41: =SUM(K38:K40) -> 4098908
C42: CAPÍTULO 6 - INSTALACIONES HIDROSANITARIAS
D43: 6.1 | G43: Punto de agua potable hasta conexión existente, recorrido estimado 12 m | H43: und | I43: 1 | J43: =ROUND(APU!$O$1803,0) -> 480558 | K43: =ROUND(J43*I43,0) -> 480558
D44: 6.2 | G44: Punto de desagüe PVC hasta conexión existente, recorrido estimado 12 m | H44: und | I44: 1 | J44: =ROUND(APU!$O$1894,0) -> 570373 | K44: =ROUND(J44*I44,0) -> 570373
C45: Subtotal | K45: =+K43+K44 -> 1050931
C46: CAPÍTULO 7 - INSTALACIONES ELÉCTRICAS
D47: 7.1 | G47: Punto de energía completo con conducción, cableado, caja y toma | H47: pto | I47: 4 | J47: =ROUND(APU!$O$1988,0) -> 220626 | K47: =ROUND(J47*I47,0) -> 882504
D48: 7.2 | G48: Punto de iluminación completo con lámpara LED e interruptor proporcional | H48: pto | I48: 2 | J48: =ROUND(APU!$O$2083,0) -> 315524 | K48: =ROUND(J48*I48,0) -> 631048
D49: 7.3 | G49: Tablero eléctrico pequeño con protecciones y puesta a tierra básica | H49: und | I49: 1 | J49: =ROUND(APU!$O$2177,0) -> 734000 | K49: =ROUND(J49*I49,0) -> 734000
C50: Subtotal | K50: =+K47+K48+K49 -> 2247552
C51: CAPÍTULO 8 - TRANSPORTE, ASEO Y ENTREGA
D52: 8.1 | G52: Transporte, cargue y descargue de materiales hasta Falan, Tolima | H52: Glb | I52: 1 | J52: =ROUND(APU!$O$2269,0) -> 1863630 | K52: =ROUND(J52*I52,0) -> 1863630
D53: 8.2 | G53: Aseo final, retiro de sobrantes y entrega del kiosco | H53: Glb | I53: 1 | J53: =ROUND(APU!$O$2359,0) -> 118325 | K53: =ROUND(J53*I53,0) -> 118325
C54: Subtotal | K54: =+K52+K53 -> 1981955
C55: SUBTOTAL OBRAS | K55: =K17+K26+K32+K36+K41+K45+K50+K54 -> 42903088
G57: ADMINISTRACION | I57: =K68 -> 0.23201878 | K57: =ROUND(K55*I57,0) -> 9954322
G58: IMPREVISTOS | I58: =K69 -> 0.01 | K58: =ROUND(K55*I58,0) -> 429031
G59: UTILIDAD | I59: =K70 -> 0.025 | K59: =ROUND(K55*I59,0) -> 1072577
G60: SUBTOTAL OBRAS (INCLUYE IVA) IVA SOBRE LA UTILIDAD | I60: 0.19 | K60: =ROUND(K59*I60,0) -> 203790
G64: VALOR TOTAL | K64: =SUM(K57:K63)+K55 -> 54562808
C67: NOTA 1: Se debe tener en cuenta que el PRECIO UNITARIO incluye el valor de AIU. | H67: DESCRIPCION | K67: PORCENTAJE
C68: NOTA 2: Cuando la fracción decimal del peso sea igual o superior a 5 se aproximará por exceso al número entero siguiente del peso y cuando la fracción decimal del peso sea inferior a 5 se aproximará por defecto al número entero del peso. | H68: ADMINISTRACIÓN | J68: A= | K68: =(54562808-K55-K58-K59-K60)/K55 -> 0.23201878
C69: NOTA 3: El AIU y su discriminación deben estar en porcentaje (%). | H69: IMPREVISTO | J69: I= | K69: 0.01
H70: UTILIDAD | J70: U= | K70: 0.025
H71: TOTAL A.I.U | J71: A.I.U.= | K71: =SUM(K68:K70) -> 0.26701878

Sheet APU
B1: Formulario 1 - Propuesta económica - Documento tipo de mínima cuantía de obra pública de infraestructura social
B2: Versión: 1 de 21 de agosto de 2025
C5: [La entidad podrá utilizar este formato para la presentación de los análisis de Precios Unitarios del Contratista en la oportunidad prevista en el numeral 8.2. de la invitación]
D8: GOBERNACIÓN DEL TOLIMA
L9: VERSIÓN
D10: [NÚMERO DEL PROCESO] – POR VERIFICAR EN LOS DOCUMENTOS DEL PROCESO
L11: PÁGINA | M11: 1 | N11: DE | O11: 26
D13: ANALISIS DE PRECIOS UNITARIOS
L15: FECHA | M15: DD | N15: MM | O15: AA
C17: ÍTEMS DE LA PROPUESTA ECONÓMICA | G17: X | I17: ÍTEMS NO PREVISTOS
C21: DATOS ESPECÍFICOS
C23: ÍTEM | D23: DESCRIPCIÓN | M23: UNIDAD | O23: CANTIDAD
C24: ='PRESUPUESTO OFICIAL (Entidad)'!D14 -> 1.1 | D24: ='PRESUPUESTO OFICIAL (Entidad)'!G14 -> Localización, replanteo y nivelación del kiosco | M24: ='PRESUPUESTO OFICIAL (Entidad)'!H14 -> m2 | O24: ='PRESUPUESTO OFICIAL (Entidad)'!I14 -> 15
C25: I. EQUIPO
C28: DESCRIPCIÓN | H28: MARCA | J28: TIPO | L28: TARIFA/HORA | M28: RENDIMIENTO | O28: Vr. UNITARIO
C29: EQ-01 · Herramienta menor (% de la mano de obra) | H29: Genérica | J29: Propio | L29: 591.28788 | M29: 1 | O29: =IF(M29=0,0,L29/M29) -> 591.28788
C30: EQ-02 · Equipo de topografía (nivel / estación total) | H30: Genérica | J30: Alquiler | L30: 15000 | M30: =M53/8 -> 4.125 | O30: =IF(M30=0,0,L30/M30) -> 3636.3636
C32: SUBTOTAL $ | O32: =SUM(O29:O31) -> 4227.6515
C33: II. MATERIALES
C36: DESCRIPCIÓN | K36: UNIDAD | L36: CANTIDAD | M36: PRECIO UNIT. | O36: Vr. UNITARIO
C37: MA-10 · Estaca de madera (0,40 m) | K37: und | L37: 0.3 | M37: 1497.8505 | O37: =L37*M37 -> 449.35515
C38: MA-12 · Cal hidratada para demarcación | K38: kg | L38: 0.3 | M38: 1497.8505 | O38: =L38*M38 -> 449.35515
C39: MA-11 · Hilo de nylon para replanteo (rollo) | K39: und | L39: 0.02 | M39: 6989.969 | O39: =L39*M39 -> 139.79938
C40: MA-09 · Puntilla con cabeza surtida | K40: lb | L40: 0.02 | M40: 4992.835 | O40: =L40*M40 -> 99.8567
C41: SUBTOTAL $ | O41: =SUM(O37:O40) -> 1138.3664
C42: III. TRANSPORTES
C45: MATERIAL | J45: VOL. o PESO | K45: DISTANCIA | L45: M3 o Ton/Km | M45: TARIFA | O45: Vr. UNITARIO
C46: Incluido en ítem 8.1 (transporte general hasta Falan) | O46: 0
C48: SUBTOTAL $ | O48: =SUM(O46:O47) -> 0
C49: IV. MANO DE OBRA
C52: TRABAJADOR | J52: JORNAL | K52: PRESTACIONES | L52: JORNAL TOTAL | M52: RENDIMIENTO | O52: Vr. UNITARIO
C53: MO-04 · Topógrafo | J53: 160000 | K53: 0.75 | L53: =J53*(1+K53) -> 280000 | M53: 33 | O53: =IF(M53=0,0,L53/M53) -> 8484.8485
C54: MO-01 · Ayudante de construcción | J54: 63000 | K54: 0.75 | L54: =J54*(1+K54) -> 110250 | M54: 33 | O54: =IF(M54=0,0,L54/M54*0.81) -> 2706.1364
C57: SUBTOTAL $ | O57: =SUM(O53:O56) -> 11190.985
C59: TOTAL COSTO DIRECTO $ | O59: =O32+O41+O48+O57 -> 16557.003
C60: V. COSTOS INDIRECTOS
C63: Descripción | L63: Porcentaje | M63: Valor Total
C64: ADMINISTRACION | L64: ='PRESUPUESTO OFICIAL (Entidad)'!$K$68 -> 0.23201878 | M64: =L64*$O$59 -> 3841.5355
C65: IMPREVISTOS | L65: ='PRESUPUESTO OFICIAL (Entidad)'!$K$69 -> 0.01 | M65: =L65*$O$59 -> 165.57003
C66: UTILIDAD | L66: ='PRESUPUESTO OFICIAL (Entidad)'!$K$70 -> 0.025 | M66: =L66*$O$59 -> 413.92507
C67: SUBTOTAL $ | O67: =SUM(M64:M66) -> 4421.0306
C69: Precio Unitario Total Aproximado al peso $ | O69: =ROUND(O59+O67,0) -> 20978
H73: Firma
H74: Nombre:
H75: Representante Legal del Contratista o su Apoderado
H76: Matricula No. :
C78: OBSERVACIONES INTERVENTORÍA O SUPERVISIÓN
C82: APROBACIÓN POR INTERVENTORÍA O SUPERVISIÓN
C83: Nota 1: Cuando se trate de Análisis de precios unitarios correspondientes a ítems de la propuesta económica aprobada, el interventor o supervisor aprueba el desglose de los componentes manteniendo el mismo precio unitario de cada ítem, cumpliendo con las especificaciones de construcción vigentes para el proyecto.
C85: Nota 2: Cuando se trate de Análisis de precios unitarios de ítems no previstos, el interventor o supervisor aprueba el desglose y precio unitario de cada ítem no previsto, exigiendo la aplicación de los costos correspondientes a insumos y tarifas de la propuesta económica inicial cuando estén contemplados, cumpliendo con las especificaciones de construcción vigente para el proyecto.
H88: Firma
H89: Nombre:
H90: Representante Legal del Interventor o su apoderado o firma del supervisor
H91: Matricula No. :
C97: [La entidad podrá utilizar este formato para la presentación de los análisis de Precios Unitarios del Contratista en la oportunidad prevista en el numeral 8.2. de la invitación]
D100: GOBERNACIÓN DEL TOLIMA
L101: VERSIÓN
D102: [NÚMERO DEL PROCESO] – POR VERIFICAR EN LOS DOCUMENTOS DEL PROCESO
L103: PÁGINA | M103: 2 | N103: DE | O103: 26
D105: ANALISIS DE PRECIOS UNITARIOS
L107: FECHA | M107: DD | N107: MM | O107: AA
C109: ÍTEMS DE LA PROPUESTA ECONÓMICA | G109: X | I109: ÍTEMS NO PREVISTOS
C113: DATOS ESPECÍFICOS
C115: ÍTEM | D115: DESCRIPCIÓN | M115: UNIDAD | O115: CANTIDAD
C116: ='PRESUPUESTO OFICIAL (Entidad)'!D15 -> 1.2 | D116: ='PRESUPUESTO OFICIAL (Entidad)'!G15 -> Cerramiento provisional perimetral en polisombra y postes, h≈2,00 m | M116: ='PRESUPUESTO OFICIAL (Entidad)'!H15 -> ml | O116: ='PRESUPUESTO OFICIAL (Entidad)'!I15 -> 24
C117: I. EQUIPO
C120: DESCRIPCIÓN | H120: MARCA | J120: TIPO | L120: TARIFA/HORA | M120: RENDIMIENTO | O120: Vr. UNITARIO
C121: EQ-01 · Herramienta menor (% de la mano de obra) | H121: Genérica | J121: Propio | L121: 1376.1364 | M121: 1 | O121: =IF(M121=0,0,L121/M121) -> 1376.1364
C124: SUBTOTAL $ | O124: =SUM(O121:O123) -> 1376.1364
C125: II. MATERIALES
C128: DESCRIPCIÓN | K128: UNIDAD | L128: CANTIDAD | M128: PRECIO UNIT. | O128: Vr. UNITARIO
C129: MA-13 · Polisombra negra 80% | K129: m2 | L129: 2.1 | M129: 3195.4144 | O129: =L129*M129 -> 6710.3702
C130: MA-14 · Poste de guadua h = 2,5 m | K130: und | L130: 0.4 | M130: 13979.938 | O130: =L130*M130 -> 5591.9752
C131: MA-15 · Alambre galvanizado cal. 12 | K131: kg | L131: 0.15 | M131: 11982.804 | O131: =L131*M131 -> 1797.4206
C132: MA-09 · Puntilla con cabeza surtida | K132: lb | L132: 0.05 | M132: 4992.835 | O132: =L132*M132 -> 249.64175
C133: SUBTOTAL $ | O133: =SUM(O129:O132) -> 14349.408
C134: III. TRANSPORTES
C137: MATERIAL | J137: VOL. o PESO | K137: DISTANCIA | L137: M3 o Ton/Km | M137: TARIFA | O137: Vr. UNITARIO
C138: Incluido en ítem 8.1 (transporte general hasta Falan) | O138: 0
C140: SUBTOTAL $ | O140: =SUM(O138:O139) -> 0
C141: IV. MANO DE OBRA
C144: TRABAJADOR | J144: JORNAL | K144: PRESTACIONES | L144: JORNAL TOTAL | M144: RENDIMIENTO | O144: Vr. UNITARIO
C145: MO-02 · Oficial de construcción | J145: 110000 | K145: 0.75 | L145: =J145*(1+K145) -> 192500 | M145: 11 | O145: =IF(M145=0,0,L145/M145) -> 17500
C146: MO-01 · Ayudante de construcción | J146: 63000 | K146: 0.75 | L146: =J146*(1+K146) -> 110250 | M146: 11 | O146: =IF(M146=0,0,L146/M146*0.81) -> 8118.4091
C149: SUBTOTAL $ | O149: =SUM(O145:O148) -> 25618.409
C151: TOTAL COSTO DIRECTO $ | O151: =O124+O133+O140+O149 -> 41343.953
C152: V. COSTOS INDIRECTOS
C155: Descripción | L155: Porcentaje | M155: Valor Total
C156: ADMINISTRACION | L156: ='PRESUPUESTO OFICIAL (Entidad)'!$K$68 -> 0.23201878 | M156: =L156*$O$151 -> 9592.5735
C157: IMPREVISTOS | L157: ='PRESUPUESTO OFICIAL (Entidad)'!$K$69 -> 0.01 | M157: =L157*$O$151 -> 413.43953
C158: UTILIDAD | L158: ='PRESUPUESTO OFICIAL (Entidad)'!$K$70 -> 0.025 | M158: =L158*$O$151 -> 1033.5988
C159: SUBTOTAL $ | O159: =SUM(M156:M158) -> 11039.612
C161: Precio Unitario Total Aproximado al peso $ | O161: =ROUND(O151+O159,0) -> 52384
H165: Firma
H166: Nombre:
H167: Representante Legal del Contratista o su Apoderado
H168: Matricula No. :
C170: OBSERVACIONES INTERVENTORÍA O SUPERVISIÓN
C174: APROBACIÓN POR INTERVENTORÍA O SUPERVISIÓN
C175: Nota 1: Cuando se trate de Análisis de precios unitarios correspondientes a ítems de la propuesta económica aprobada, el interventor o supervisor aprueba el desglose de los componentes manteniendo el mismo precio unitario de cada ítem, cumpliendo con las especificaciones de construcción vigentes para el proyecto.
...

Sheet AIU
A1: ANÁLISIS DEL A.I.U.
A2: Obra: kiosco en guadua – Falan (Tolima) · Gobernación del Tolima · Plazo: 30 días
A4: COSTO DIRECTO DE OBRA | F4: ='PRESUPUESTO OFICIAL (Entidad)'!K55 -> 42903088 | G4: Subtotal obras del presupuesto
A6: A. ADMINISTRACIÓN
A7: Concepto | B7: Unidad | C7: Cantidad / Base | D7: Valor unitario | E7: % dedicación / tarifa | F7: Valor total | G7: Observación
A8: 1. Personal
A9: Ingeniero residente | B9: mes | C9: 1 | D9: 3200000 | E9: 0.3 | F9: =C9*D9*E9 -> 960000 | G9: Pago mensual × dedicación
A10: Personal SST (Profesional SISO) | B10: mes | C10: 1 | D10: 2600000 | E10: 0.5 | F10: =C10*D10*E10 -> 1300000 | G10: Pago mensual × dedicación
A11: Inspector de obra / Técnico en armado de guadua | B11: mes | C11: 1 | D11: 2300000 | E11: 1 | F11: =C11*D11*E11-APU!O975*'PRESUPUESTO OFICIAL (Entidad)'!I28 -> 0 | G11: Dedicación 100 %: se paga en el ítem 3.1 (costo directo)
A12: 2. Otros gastos de administración
A13: Pólizas (cumplimiento, salarios y prestaciones, estabilidad y calidad, RCE) | B13: glb | C13: 1 | D13: 778260 | F13: =C13*D13 -> 778260
A14: Campamento de obra | B14: mes | C14: 1 | D14: 120000 | F14: =C14*D14 -> 120000
A15: Transporte de personal | B15: glb | C15: 1 | D15: 120000 | F15: =C15*D15 -> 120000
A16: Gastos de oficina principal | B16: glb | C16: 1 | D16: =F16 -> 128526 | F16: ='PRESUPUESTO OFICIAL (Entidad)'!K57-SUM(F9:F11)-SUM(F13:F15)-SUM(F18:F22) -> 128526
A17: 3. Estampillas y contribuciones – Gobernación del Tolima (sobre el valor total del contrato)
A18: Estampilla Desarrollo Departamental | B18: % | C18: ='PRESUPUESTO OFICIAL (Entidad)'!$K$64 -> 54562808 | E18: 0.02 | F18: =ROUND(C18*E18,0) -> 1091256
A19: Estampilla Pro-Cultura | B19: % | C19: ='PRESUPUESTO OFICIAL (Entidad)'!$K$64 -> 54562808 | E19: 0.01 | F19: =ROUND(C19*E19,0) -> 545628
A20: Estampilla Tolima 150 Años | B20: % | C20: ='PRESUPUESTO OFICIAL (Entidad)'!$K$64 -> 54562808 | E20: 0.02 | F20: =ROUND(C20*E20,0) -> 1091256
A21: Estampilla Tasa Prodeporte | B21: % | C21: ='PRESUPUESTO OFICIAL (Entidad)'!$K$64 -> 54562808 | E21: 0.02 | F21: =ROUND(C21*E21,0) -> 1091256
A22: Estampilla Contribución Especial | B22: % | C22: ='PRESUPUESTO OFICIAL (Entidad)'!$K$64 -> 54562808 | E22: 0.05 | F22: =ROUND(C22*E22,0) -> 2728140
A23: TOTAL ADMINISTRACIÓN | E23: ='PRESUPUESTO OFICIAL (Entidad)'!K68 -> 0.23201878 | F23: =SUM(F9:F11)+SUM(F13:F16)+SUM(F18:F22) -> 9954322
A25: B. IMPREVISTOS
A26: Imprevistos | C26: =F4 -> 42903088 | E26: ='PRESUPUESTO OFICIAL (Entidad)'!K69 -> 0.01 | F26: ='PRESUPUESTO OFICIAL (Entidad)'!K58 -> 429031
A28: C. UTILIDAD
A29: Utilidad | C29: =F4 -> 42903088 | E29: ='PRESUPUESTO OFICIAL (Entidad)'!K70 -> 0.025 | F29: ='PRESUPUESTO OFICIAL (Entidad)'!K59 -> 1072577
A30: IVA sobre la utilidad | C30: =F29 -> 1072577 | E30: ='PRESUPUESTO OFICIAL (Entidad)'!I60 -> 0.19 | F30: ='PRESUPUESTO OFICIAL (Entidad)'!K60 -> 203790
A32: RESUMEN
A33: Concepto | E33: % | F33: Valor
A34: Costo directo | F34: =F4 -> 42903088
A35: Administración | E35: ='PRESUPUESTO OFICIAL (Entidad)'!K68 -> 0.23201878 | F35: =F23 -> 9954322
A36: Imprevistos | E36: ='PRESUPUESTO OFICIAL (Entidad)'!K69 -> 0.01 | F36: =F26 -> 429031
A37: Utilidad | E37: ='PRESUPUESTO OFICIAL (Entidad)'!K70 -> 0.025 | F37: =F29 -> 1072577
A38: TOTAL A.I.U. | E38: ='PRESUPUESTO OFICIAL (Entidad)'!K71 -> 0.26701878 | F38: =F35+F36+F37 -> 11455930
A39: IVA sobre la utilidad (19 %) | F39: =F30 -> 203790
A40: VALOR TOTAL DEL PROYECTO | F40: =F34+F38+F39 -> 54562808

Sheet PROPUESTA ECONOMICA (PROPONENT)
B1: Formulario 1 - Propuesta económica - Documento tipo de mínima cuantía de obra pública de infraestructura social
B2: Versión: 1 de 21 de agosto de 2025
C5: FORMULARIO 1
C6: PROPUESTA ECONOMICA
C7: [ El Proponente puede usar el presente formulario de presentación para determinar su propuesta económica conforme al Formulario 1 - Presupuesto Oficial por la Entidad]
C9: Cuando el proceso de contratación es estructurado por Precios Unitarios, la Entidad debe aplicar las notas 1, 2 y 3 del presente formato y las casillas de "Descripción", "Porcentaje" de la Administración, Imprevisto, Utilidad y total A.I.U. resaltadas en color amarillo.
C11: Nº | D11: ÍTEM DE PAGO | E11: ESPECIFICACIONES | G11: DESCRIPCIÓN | H11: UND. | I11: CANTIDAD | J11: VALOR UNITARIO | K11: VALOR TOTAL
E12: GENERAL | F12: PARTICULAR
C13: CAPÍTULO 1 - PRELIMINARES
D14: 1.1 | G14: Localización, replanteo y nivelación del kiosco | H14: m2 | I14: 15 | J14: 0 | K14: 0
D15: 1.2 | G15: Cerramiento provisional perimetral en polisombra y postes, h≈2,00 m | H15: ml | I15: 24 | J15: 0 | K15: 0
D16: 1.3 | G16: Señalización, elementos SST y limpieza inicial | H16: glb | I16: 1 | J16: 0 | K16: 0
C17: Subtotal | K17: =SUM(K14:K16) -> 0
C18: CAPÍTULO 2 - CIMENTACIÓN
D19: 2.1 | G19: Excavación manual para zapatas aisladas y pedestales bajo piso existente | H19: m3 | I19: 2.4 | J19: 0 | K19: 0
D20: 2.2 | G20: Concreto de limpieza 2.000 psi | H20: m3 | I20: 0.25 | J20: 0 | K20: 0
D21: 2.3 | G21: Acero de refuerzo fy 420 MPa, suministro, figuración y colocación | H21: kg | I21: 165 | J21: 0 | K21: 0
D22: 2.4 | G22: Concreto 3.000 psi en zapatas y pedestales | H22: m3 | I22: 1.8 | J22: 0 | K22: 0
D23: 2.5 | G23: Anclaje galvanizado para apoyo de columnas de guadua, con pernos | H23: und | I23: 8 | J23: 0 | K23: 0
D24: 2.6 | G24: Corte y demolición localizada de piso de concreto existente para apertura de zapatas | H24: und | I24: 8 | J24: 0 | K24: 0
D25: 2.7 | G25: Resane localizado en concreto alrededor de pedestales sobre piso existente | H25: und | I25: 8 | J25: 0 | K25: 0
C26: Subtotal | K26: 0
C27: CAPÍTULO 3 - ESTRUCTURA EN GUADUA
D28: 3.1 | G28: Estructura portante en Guadua angustifolia inmunizada y tratada, con herrajes y tornillería especializada | H28: m2 | I28: 15 | J28: 0 | K28: 0
D29: 3.2 | G29: Cerramiento liviano del kiosco en esterilla/tabla de guadua tratada sobre bastidor | H29: m2 | I29: 39 | J29: 0 | K29: 0
D30: 3.3 | G30: Ventana abatible en madera tratada con vidrio, herrajes y sellos (aprox. 1,30 x 1,00 m) | H30: und | I30: 3 | J30: 0 | K30: 0
D31: 3.4 | G31: Puerta de acceso en madera tratada 0,90 x 2,10 m, con cerradura y herrajes | H31: und | I31: 1 | J31: 0 | K31: 0
C32: Subtotal | K32: 0
C33: CAPÍTULO 4 - CUBIERTA
D34: 4.1 | G34: Estructura secundaria de cubierta en guadua/madera inmunizada | H34: m2 | I34: 25 | J34: 0 | K34: 0
D35: 4.2 | G35: Cubierta en teja colonial UPVC | H35: m2 | I35: 25 | J35: 0 | K35: 0
C36: Subtotal | K36: 0
C37: CAPÍTULO 5 - ACABADOS Y MOBILIARIO
D38: 5.1 | G38: Sellador, inmunizante, pintura/barniz y acabado de guadua y madera | H38: m2 | I38: 95 | J38: 0 | K38: 0
D39: 5.2 | G39: Mesón interior en madera tratada, ancho promedio 0,60 m | H39: ml | I39: 3 | J39: 0 | K39: 0
D40: 5.3 | G40: Lavaplatos inoxidable con grifería, sifón, accesorios e instalación | H40: und | I40: 1 | J40: 0 | K40: 0
C41: Subtotal | K41: 0
C42: CAPÍTULO 6 - INSTALACIONES HIDROSANITARIAS
D43: 6.1 | G43: Punto de agua potable hasta conexión existente, recorrido estimado 12 m | H43: und | I43: 1 | J43: 0 | K43: 0
D44: 6.2 | G44: Punto de desagüe PVC hasta conexión existente, recorrido estimado 12 m | H44: und | I44: 1 | J44: 0 | K44: 0
C45: Subtotal | K45: 0
C46: CAPÍTULO 7 - INSTALACIONES ELÉCTRICAS
D47: 7.1 | G47: Punto de energía completo con conducción, cableado, caja y toma | H47: pto | I47: 4 | J47: 0 | K47: 0
D48: 7.2 | G48: Punto de iluminación completo con lámpara LED e interruptor proporcional | H48: pto | I48: 2 | J48: 0 | K48: 0
D49: 7.3 | G49: Tablero eléctrico pequeño con protecciones y puesta a tierra básica | H49: und | I49: 1 | J49: 0 | K49: 0
C50: Subtotal | K50: 0
C51: CAPÍTULO 8 - TRANSPORTE, ASEO Y ENTREGA
D52: 8.1 | G52: Transporte, cargue y descargue de materiales hasta Falan, Tolima | H52: Glb | I52: 1 | J52: 0 | K52: 0
D53: 8.2 | G53: Aseo final, retiro de sobrantes y entrega del kiosco | H53: Glb | I53: 1 | J53: 0 | K53: 0
C54: Subtotal | K54: 0
C55: SUBTOTAL OBRAS | K55: =K17+K26+K32+K36+K41+K45+K50+K54 -> 0
G57: ADMINISTRACION | I57: =K68 -> #DIV/0! | K57: =ROUND(K55*I57,0) -> #DIV/0!
G58: IMPREVISTOS | I58: =K69 -> 0.01 | K58: =ROUND(K55*I58,0) -> 0
G59: UTILIDAD | I59: =K70 -> 0.025 | K59: =ROUND(K55*I59,0) -> 0
G60: SUBTOTAL OBRAS (INCLUYE IVA) IVA SOBRE LA UTILIDAD | I60: 0.19 | K60: =ROUND(K59*I60,0) -> 0
G64: VALOR TOTAL | K64: =SUM(K57:K63)+K55 -> #DIV/0!
C67: NOTA 1: Se debe tener en cuenta que el PRECIO UNITARIO incluye el valor de AIU. | H67: DESCRIPCION | K67: PORCENTAJE
C68: NOTA 2: Cuando la fracción decimal del peso sea igual o superior a 5 se aproximará por exceso al número entero siguiente del peso y cuando la fracción decimal del peso sea inferior a 5 se aproximará por defecto al número entero del peso. | H68: ADMINISTRACIÓN | J68: A= | K68: =(54562808-K55-K58-K59-K60)/K55 -> #DIV/0!
C69: NOTA 3: El AIU y su discriminación deben estar en porcentaje (%). | H69: IMPREVISTO | J69: I= | K69: 0.01
H70: UTILIDAD | J70: U= | K70: 0.025
H71: TOTAL A.I.U | J71: A.I.U.= | K71: =SUM(K68:K70) -> #DIV/0!
